 Dungeon Crawl Stone Soup version 0.21-a0-442-g848f44b (webtiles) character file.

2879 vineage the Basher (level 9, -6/76 HPs)
             Began as a Gargoyle Fighter on Nov 16, 2017.
             Was an Elder of Okawaru.
             Mangled by an orc warrior
             ... wielding a +0 trident
              (13 damage)
             ... in a bailey.
             The game lasted 00:10:45 (5344 turns).

vineage the Basher (Gargoyle Fighter)               Turns: 5344, Time: 00:10:46

Health: -6/76      AC: 19    Str: 27    XL:     9   Next: 76%
Magic:  9/9        EV:  8    Int:  9    God:    Okawaru [****..]
Gold:   437        SH: 11    Dex: 10    Spells: 8/8 levels left

rFire    + + .     SeeInvis .   a - +0 flail (crush)
rCold    + . .     Gourm    .   c - +1 shield
rNeg     + . .     Faith    .   p - quicksilver dragon scales
rPois    ∞         Spirit   .   j - +0 helmet
rElec    +         Reflect  .   s - scarf {rC+ rF+}
rCorr    .         Harm     .   y - +0 pair of gloves
MR       +....                  (no boots)
Stlth    ..........             (no amulet)
HPRegen  0.00/turn              n - ring of protection from fire
MPRegen  0.11/turn              (no ring)

@: berserking, very quick
A: negative energy resistance 1, electricity resistance, inhibited regeneration,
wild magic 1, unbreathing, petrification resistance, no potion heal 1, rot
immunity, AC +6
a: Heroism, Renounce Religion


You were in a bailey.
You worshipped Okawaru.
Okawaru was greatly pleased with you.
You were not hungry.

You visited 1 branch of the dungeon, and saw 7 of its levels.
You also visited: Bailey.

You collected 437 gold pieces.

Inventory:

Hand Weapons
 a - a +0 flail of crushing (weapon)
Armour
 c - a +1 shield (worn)
 j - a +0 helmet (worn)
 p - quicksilver dragon scales (worn)
 s - a scarf of resistance (worn)
 y - a +0 pair of gloves (worn)
Jewellery
 n - a ring of protection from fire (left hand)
Wands
 h - a wand of enslavement (20/24)
 m - a wand of polymorph (15/24)
Scrolls
 e - 3 scrolls of teleportation
 t - 3 scrolls of remove curse
 x - 2 scrolls of recharging
Potions
 d - a potion of might
 g - 4 potions of magic
 i - a potion of invisibility
 l - 2 potions of flight
 r - 2 potions of cancellation
 u - 2 potions of curing {unknown}
 w - a potion of haste {unknown}
 z - a potion of resistance {unknown}
Comestibles
 f - 8 bread rations
 o - a royal jelly
 v - 4 meat rations


   Skills:
 - Level 3.2 Fighting
 + Level 12.9 Maces & Flails
 - Level 3.2 Armour
 - Level 3.2 Shields
 + Level 0.1 Invocations


You had 8 spell levels left.
You didn't know any spells.

Dungeon Overview and Level Annotations

Branches:
Dungeon (7/15)             Temple (0/1) D:5

Altars:
Dithmenos
Nemelex Xobeh
Okawaru
Trog
Uskayaw
Yredelemnul

Shops:
D:6 *


Innate Abilities, Weirdness & Mutations

You are resistant to torment.
Your stone body is resilient. (AC +6)
You are immune to poison.
You resist negative energy. (rN+)
You are resistant to electric shocks. (rElec)
You can survive without breathing.
You are immune to petrification.
You are immune to rotting.
You do not regenerate when monsters are visible.
Your spells are a little harder to cast, but a little more powerful.
Potions are less effective at restoring your health.


Message History

You are too injured to fight recklessly!
The orc warrior hits you but does no damage.
The orc warrior barely misses you.
You hit the orc warrior but do no damage.
You block the orc warrior's attack.
You hit the orc warrior but do no damage.
You block the orc warrior's attack.
The orc warrior hits you but does no damage.
You hit the orc warrior.
The orc warrior is lightly wounded.
The orc warrior hits you with a halberd!
* * * LOW HITPOINT WARNING * * *
You block the orc warrior's attack.
A red film seems to cover your vision as you go berserk!
You feel yourself moving faster!
You feel mighty!
You sock the orc warrior!
The orc warrior is almost dead.
You block the orc warrior's attack.
The orc warrior hits you from afar with a trident!
You die...

## #.... ...
#...##....≈≈≈≈≈≈≈≈ .....≈c
#...#.⌠.≈≈≈....... ...⌠.≈≈
#...#..≈≈..≈≈≈≈≈≈≈ ......≈
#..⌠#.≈≈.≈≈≈.....≈ ≈≈....≈
#o.##.≈.≈≈..≈≈≈≈≈.
≈≈≈≈...#####o.#.≈≈.≈.≈≈≈...≈≈
≈≈≈≈≈......)@.#.≈.≈≈.≈..⌠.⌠..
≈≈≈≈≈.....)'.)#.≈..))≈..∩∩∩.(
≈≈≈≈≈.....)).)#.≈.≈≈)≈..⌠.⌠..
≈≈≈≈...#####..#.≈≈.≈)≈≈≈...≈≈
≈≈....≈ #..##.≈.≈≈..≈≈≈≈≈.
......≈ #..⌠#.≈≈.≈≈≈.(...≈
...⌠.≈≈ #...#..≈≈..≈≈≈≈≈≈≈
..o..≈c #...#.⌠.≈≈≈.......
...≈≈≈c #...##....≈≈≈≈≈≈≈≈


You could see 2 orc warriors.

Vanquished Creatures
  The ghost of Caerun the Cleaver, a novice MiFi (D:5)
  Grinder (D:3)
  Sigmund (D:3)
  A spriggan (D:7)
  Menkaure (D:4)
  2 orc warriors (Bailey)
  2 ogres
  An ice beast (D:7)
  A phantom (D:6)
  A necrophage (D:5)
  2 centaurs (Bailey)
  2 bullfrogs
  2 scorpions
  3 wights (D:6)
  A howler monkey (D:6)
  3 crimson imps (D:5)
  A bullfrog zombie (D:5)
  A bullfrog skeleton (D:6)
  The ghost of Qupu the Scratcher, a weakling FeCK of Xom (D:3)
  A hound (D:4)
  A centaur skeleton (D:4)
  4 orc wizards
  Jessica (D:2)
  An iguana (D:7)
  3 worker ants
  A hound skeleton (D:5)
  A worker ant zombie (D:5)
  Robin (D:3)
  3 gnolls (D:2)
  7 adders
  An ooze (D:4)
  5 worms
  3 dart slugs
  4 leopard geckos
  33 orcs
  4 giant cockroaches
  25 goblins
  9 hobgoblins
  6 jackals
  4 quokkas
  A ball python (D:2)
  A ball python zombie (D:6)
  4 bats (D:1)
  4 frilled lizards
  9 kobolds
  A leopard gecko skeleton (D:4)
  4 rats
170 creatures vanquished.

Vanquished Creatures (others)
  A crimson imp (D:7)
1 creature vanquished.

Grand Total: 171 creatures vanquished

Notes
Turn   | Place    | Note
-------+----------+-------------------------------------------
     0 | D:1      | vineage the Gargoyle Fighter began the quest for the Orb.
     0 | D:1      | Reached XP level 1. HP: 14/14 MP: 1/1
   111 | D:1      | Reached XP level 2. HP: 16/19 MP: 2/2
   197 | D:1      | Reached skill level 3 in Maces & Flails
   408 | D:1      | Reached XP level 3. HP: 22/23 MP: 3/3
   913 | D:2      | Found an iron altar of Okawaru.
   960 | D:2      | Became a worshipper of Warmaster Okawaru
  1007 | D:2      | Noticed Jessica
  1014 | D:2      | Killed Jessica
  1014 | D:2      | Reached skill level 4 in Maces & Flails
  1014 | D:2      | Reached XP level 4. HP: 24/28 MP: 4/4
  1059 | D:2      | Found a hide-covered altar of Uskayaw.
  1168 | D:2      | Found a shadowy altar of Dithmenos.
  1394 | D:2      | Reached skill level 5 in Maces & Flails
  1402 | D:2      | Reached XP level 5. HP: 29/32 MP: 5/5
  1705 | D:3      | Noticed Grinder
  1717 | D:3      | Paralysed by Grinder for 5 turns
  1725 | D:3      | Killed Grinder
  1725 | D:3      | Reached skill level 6 in Maces & Flails
  1725 | D:3      | Reached XP level 6. HP: 9/37 MP: 6/6
  1993 | D:3      | Noticed Robin
  2042 | D:3      | Killed Robin
  2076 | D:3      | Noticed Sigmund
  2099 | D:3      | Killed Sigmund
  2099 | D:3      | Reached * piety under Okawaru
  2099 | D:3      | Reached skill level 7 in Maces & Flails
  2099 | D:3      | Reached XP level 7. HP: 21/41 MP: 7/7
  2110 | D:3      | Gained mutation: You have a pair of small horns on your head. [potion of mutation]
  2110 | D:3      | Gained mutation: Your magical capacity is low. (-10% MP) [potion of mutation]
  2110 | D:3      | Gained mutation: You do not regenerate when monsters are visible. [potion of mutation]
  2110 | D:3      | Gained mutation: Your spells are a little harder to cast, but a little more powerful. [potion of mutation]
  2291 | D:3      | Found a faded altar of an unknown god.
  2399 | D:3      | Noticed Qupu's ghost (weakling FeCK)
  2413 | D:3      | Killed Qupu's ghost
  2501 | D:4      | Noticed Menkaure
  2510 | D:4      | Killed Menkaure
  2510 | D:4      | Reached skill level 8 in Maces & Flails
  2623 | D:4      | Lost mutation: Your spells are a little harder to cast, but a little more powerful. [potion of mutation]
  2623 | D:4      | Lost mutation: Your magical capacity is low. (-10% MP) [potion of mutation]
  2623 | D:4      | Lost mutation: You have a pair of small horns on your head. [potion of mutation]
  2623 | D:4      | Gained mutation: Potions are less effective at restoring your health. [potion of mutation]
  2623 | D:4      | Gained mutation: Your spells are a little harder to cast, but a little more powerful. [potion of mutation]
  2674 | D:4      | Reached ** piety under Okawaru
  3137 | D:5      | Entered Level 5 of the Dungeon
  3151 | D:5      | Reached skill level 9 in Maces & Flails
  3156 | D:5      | Reached XP level 8. HP: 39/46 MP: 8/8
  3377 | D:5      | Found a staircase to the Ecumenical Temple.
  3382 | D:5      | Reached skill level 10 in Maces & Flails
  3421 | D:5      | Noticed Caerun's ghost (novice MiFi)
  3440 | D:5      | Killed Caerun's ghost
  3440 | D:5      | Reached *** piety under Okawaru
  3710 | D:6      | Reached skill level 11 in Maces & Flails
  3710 | D:6      | Reached XP level 9. HP: 35/51 MP: 9/9
  3932 | D:6      | Found Ydwiyri's Elemental Accessories.
  3976 | D:6      | Found a sparkling altar of Nemelex Xobeh.
  3988 | D:6      | Found a basalt altar of Yredelemnul.
  4259 | D:6      | Found a bloodstained altar of Trog.
  4491 | D:7      | Reached skill level 12 in Maces & Flails
  4602 | D:7      | Reached **** piety under Okawaru
  4720 | D:7      | Found a flagged portal.
  4734 | Bailey   | Entered a bailey
  5344 | Bailey   | Mangled by an orc warrior

Vault maps used:
D:1:      minmay_arrival_shattered_statue
D:2:      cheibrodos_greedy_goblins, minitemple, okawaru_ov_weapons_minmay,
          first_bread, uniq_jessica
D:3:      chequers_ecumenical_altar_twisty, uniq_sigmund, uniq_robin,
          uniq_grinder
D:4:      uniq_menkaure
D:5:      temple_fountains, kennysheep_boxes
D:6:      marbit_many_paths, amethyst_overflow_temple_binary,
          nicolae_elemental_shop
D:7:      gammafunk_cloud_chamber, enter_bailey_2, the_bakery,
          interstate_on_off, grunt_gozag_breadcrumbs, uniq_duvessa,
          uniq_crazy_yiuf_cottage
Bailey:   bailey_polearm_flooded_kennysheep, bailey

Skill      XL: |  1  2  3  4  5  6  7  8  9 |
---------------+----------------------------+-----
Maces & Flails | 3 4 5 6 7 9 11 12 | 12.9
Fighting       | |  3.2
Armour         | |  3.2
Shields        | |  3.2
Invocations    | |  0.1

Action                   |  1- 3 |  4- 6 |  7- 9 || total
-------------------------+-------+-------+-------++-------
Melee: Flail             |   146 |   197 |   494 ||   837
       Headbutt          |       |       |     2 ||     2
Invok: Heroism           |       |       |     1 ||     1
  Use: Scroll            |     3 |       |    16 ||    19
       Potion            |       |     1 |     3 ||     4
  Eat: Chunk             |       |     4 |     9 ||    13
       Meat ration       |       |       |     1 ||     1
Armor: Scale mail        |   100 |    43 |       ||   143
       Quicksilver drago |       |    91 |   214 ||   305
Dodge: Dodged            |    60 |    73 |   130 ||   263
Block: Shield            |    85 |   118 |   209 ||   412

Table legend:
 A = Spawn XP
 B = Non-spawn XP
 C = Spawn XP percentage of total XP
 D = Spawn monster count
 E = Non-spawn monster count
 F = Spawn count percentage of total count
 G = Total turns spent on level
                    A         B        C        D         E        F      G
               +---------+---------+-------+---------+---------+-------+---------
         Total |       0 |    4113 |   0.0 |       0 |     170 |   0.0 |  5344
               +---------+---------+-------+---------+---------+-------+---------
           D:1 |       0 |      47 |   0.0 |       0 |      28 |   0.0 |   822
           D:2 |       0 |     124 |   0.0 |       0 |      27 |   0.0 |   714
           D:3 |       0 |     619 |   0.0 |       0 |      31 |   0.0 |   929
           D:4 |       0 |     393 |   0.0 |       0 |      16 |   0.0 |   672
           D:5 |       0 |    1062 |   0.0 |       0 |      22 |   0.0 |   548
           D:6 |       0 |     695 |   0.0 |       0 |      12 |   0.0 |   689
           D:7 |       0 |     636 |   0.0 |       0 |      14 |   0.0 |   360
        Bailey |       0 |     537 |   0.0 |       0 |      20 |   0.0 |   610
               +---------+---------+-------+---------+---------+-------+---------
